 Dungeon Crawl Stone Soup version 0.31-a0-233-g139696dc86 (webtiles) character file.

Game seed: 2186871002954497557

74 qw the Shooter (level 4, -5/36 HPs)
             Began as a Minotaur Hexslinger on July 8, 2023.
             Killed from afar by a gnoll (8 damage)
             ... with a puff of flame
             ... on level 2 of the Dungeon.
             The game lasted 00:00:27 (737 turns).

qw the Shooter (Minotaur Hexslinger)                 Turns: 737, Time: 00:00:28

Health: -5/36      AC:  6    Str: 12    XL:     4   Next: 9%
Magic:  4/4        EV: 11    Int: 10    God:
Gold:   37         SH:  0    Dex: 15    Spells: 4/5 levels left

rFire   . . .        Y - +1 sling
rCold   . . .        (no shield)
rNeg    . . .        e - +0 ring mail
rPois   .            f - +1 hat
rElec   .            (no cloak)
rCorr   .            (no gloves)
SInv    .            (no boots)
Will    .....        (no amulet)
Stlth   +            (no ring)
HPRegen 0.26/turn    (no ring)
MPRegen 0.09/turn

%: no passive effects
@: no status effects
A: horns 2, retaliatory headbutt
a: no special abilities


You were on level 2 of the Dungeon.
You visited 1 branch of the dungeon, and saw 2 of its levels.

You collected 37 gold pieces.


Innate Abilities, Weirdness & Mutations

You have a pair of horns on your head.
You reflexively headbutt those who attack you in melee.


   Skills:
 - Level 2.0 Fighting
 + Level 4.4 Ranged Weapons
 - Level 1.1 Armour
 - Level 2.1 Dodging
 - Level 1.0 Spellcasting
 - Level 2.0 Hexes


You had 4 spell levels left.
You knew the following spells:

 Your Spells              Type           Power      Damage    Failure   Level
a - Slow                  Hex            16%        N/A       34%         1

Your spell library contained the following spells:

 Spells                   Type           Power      Damage    Failure   Level
 Inner Flame              Hex/Fire       2%         N/A       83%         3
 Portal Projectile        Hex/Tloc       4%         N/A       83%         3
 Cause Fear               Hex            2%         N/A       98%         4

Inventory:

Hand Weapons
 Y - a +1 sling (weapon)
Armour
 e - a +0 ring mail (worn)
 f - a +1 hat (worn)
Potions
 g - a potion of curing {unknown}

Dungeon Overview and Level Annotations

Branches:
Dungeon (2/15)

Altars:


Message History

The gnoll hits you but does no damage.
You shoot a sling bullet. The gnoll shouts!
The sling bullet hits the gnoll.
The gnoll is heavily wounded.
A gnoll comes into view. It is wielding a +0 club.
The gnoll zaps a wand.
The puff of flame hits you.
The gnoll throws a stone.
The stone barely misses you.
The gnoll hits you from afar with a +0 spear.
The gnoll moves out of view.
You shoot a sling bullet.
The sling bullet hits the gnoll but does no damage.
The gnoll is heavily wounded.
The gnoll hits you from afar with a +0 spear.
You shoot a sling bullet.
The sling bullet hits the gnoll but does no damage.
The gnoll is heavily wounded.
The gnoll hits you from afar with a +0 spear.
You shoot a sling bullet. The sling bullet hits the gnoll.
The gnoll is severely wounded.
The gnoll hits you but does no damage.
You shoot a sling bullet. The sling bullet hits the gnoll.
The gnoll is almost dead.
The gnoll misses you.
The gnoll zaps a wand.
The puff of flame hits you.
You shoot a sling bullet.
The sling bullet barely misses the gnoll.
The gnoll barely misses you.
The gnoll hits you from afar with a +0 spear.
You shoot a sling bullet.
The sling bullet hits the gnoll but does no damage.
The gnoll hits you with a +0 club.
The gnoll hits you from afar with a +0 spear.
The gnoll throws a stone.
The stone closely misses you.
You shoot a sling bullet. The sling bullet hits the gnoll!
The gnoll is severely wounded.
The gnoll barely misses you.
The gnoll hits you from afar with a +0 spear. x2
The gnoll closely misses you.
The gnoll throws a stone.
The stone hits you.
The gnoll zaps a wand.
The puff of flame hits you!
You die...

...###....#
###.......###
...##.####........<...
..##
#.............####
#..# ###...........#
..# ##..##.......##
.#######..###.......#
#.)......##.......#
..######..........:..
#g@%..#.........
#...............
...gg.....^......
................
...#............ ..
#...........) #
.............
.........[...


You could see 3 gnolls.

Vanquished Creatures
  A gnoll (D:2)
  2 adders (D:2)
  3 dart slugs (D:1)
  4 endoplasms
  5 goblins (D:1)
  5 hobgoblins
  3 quokkas (D:1)
  2 ball pythons (D:2)
  4 bats
  3 frilled lizards
  4 kobolds (D:1)
  5 rats
41 creatures vanquished.

Notes
Turn   | Place    | Note
-------+----------+-------------------------------------------
     0 | D:1      | qw the Minotaur Hexslinger began the quest for the Orb.
     0 | D:1      | Reached XP level 1. HP: 16/16 MP: 1/1
     0 | D:1      | 0 ||| qw: Version: 0.3-a-46-gb1f654a
     0 | D:1      | 0 ||| qw: Game counter: 3563
     0 | D:1      | 0 ||| qw: Melee chars always use a shield: true
     0 | D:1      | 0 ||| qw: God list: Okawaru
     0 | D:1      | 0 ||| qw: Allow faded altars: false
     0 | D:1      | 0 ||| qw: Do Orc after clearing Dungeon:15 true
     0 | D:1      | 0 ||| qw: Do second Lair branch before Depths: true
     0 | D:1      | 0 ||| qw: Lair rune preference: random
     0 | D:1      | 0 ||| qw: Goals: Normal
     0 | D:1      | 0 ||| PLANNING D:1-11
    58 | D:1      | Reached skill level 3 in Ranged Weapons
    58 | D:1      | Reached XP level 2. HP: 23/23 MP: 2/2
   104 | D:1      | 104 ||| FLEEEEING.
   109 | D:1      | 109 ||| FLEEEEING.
   110 | D:1      | 110 ||| FLEEEEING.
   111 | D:1      | 111 ||| FLEEEEING.
   249 | D:1      | Reached XP level 3. HP: 29/29 MP: 3/3
   292 | D:1      | You fall into a shaft and drop 1 floor!
   338 | D:2      | Reached skill level 4 in Ranged Weapons
   369 | D:2      | 369 ||| UPGRADING to +0 leather armour.
   379 | D:2      | 379 ||| DROPPING +0 robe.
   380 | D:2      | 380 ||| UPGRADING to +0 ring mail.
   390 | D:2      | 390 ||| DROPPING +0 leather armour.
   391 | D:2      | 391 ||| UPGRADING to +1 hat.
   396 | D:2      | 396 ||| DROPPING scroll of poison.
   403 | D:2      | Reached skill level 1 in Armour
   678 | D:1      | 678 ||| READING scroll labelled JIX YGHEAQACOP.
   722 | D:2      | Reached XP level 4. HP: 36/36 MP: 4/4
   737 | D:2      | HP: 7/36 [gnoll/+0 spear (3)]
   737 | D:2      | HP: 3/36 [gnoll/stone (4)]
   737 | D:2      | Killed from afar by a gnoll

Levels and vault maps discovered:
D:1:      minmay_arrival_up_and_down, layout_rooms, minmay_curled_crystal,
          st_stairs_12, minmay_tromino_mix6
D:2:      layout_rooms

Skill      XL: |  1  2  3 |
---------------+----------+-----
Ranged Weapons | 3 4 |  4.4
Fighting       | 2 |  2.0
Armour         | 1 |  1.1
Dodging        | |  2.1
Spellcasting   | |  1.0
Hexes          | |  2.0

Action                     |  1- 3 |  4- 6 || total
---------------------------+-------+-------++-------
   Fire: Sling             |   109 |    14 ||   123
    Use: Scroll            |     1 |       ||     1
 Armour: Robe              |     5 |       ||     5
         Ring mail         |    12 |     2 ||    14
  Dodge: Dodged            |    41 |    10 ||    51

Table legend:
 A = Non-vault XP
 B = Vault XP
 C = Vault XP percentage of total XP
 D = Non-vault monster count
 E = Vault monster count
 F = Vault count percentage of total count
                 A         B        C        D         E       F
            +---------+---------+-------+---------+---------+-------
      Total |      97 |       9 |   8.5 |      36 |       5 |  12.2
            +---------+---------+-------+---------+---------+-------
        D:1 |      43 |       9 |  17.3 |      23 |       5 |  17.9
        D:2 |      54 |       0 |   0.0 |      13 |       0 |   0.0
            +---------+---------+-------+---------+---------+-------
